AoeStats
← tmoneymcgetbunz

Four Lakes

507773263Analyzed
1v1 RM · 14d ago on Sep 19, 2026· 44m 18s· 2 players
Game mode
Random Map
Map size
Tiny (2 player)
Population
200
Speed
Normal
Resources
Standard
Victory
Conquest
Starting age
Dark Age
Ending age
Imperial Age
RankedLock teamsTeams togetherTeam positionsShared explorationLock speedFull tech treeHidden civsTurbo modeCheats
Victory
Defeat
🇪🇸 Jurchens · Spain
1138
+14
🇺🇸 Magyars · United States
1104
-14
tmoneymcgetbunz
5:02 Loom
11:33 Feudal Age
12:27 Double-Bit Axe
21:56 Castle Age
20:50 Scale Barding Armor
22:57 Bloodlines
22:11 Light Cavalry
23:47 Husbandry
25:44 Fletching
26:40 Bodkin Arrow
28:43 Bow Saw
30:43 Man-at-Arms
32:06 Scale Mail Armor
33:09 Gold Mining
32:48 Long Swordsman
43:40 Chain Barding Armor
Tatanka
6:55 Loom
9:44 Feudal Age
10:22 Double-Bit Axe
10:25 Town Watch
14:16 Gold Mining
21:41 Castle Age
19:44 Scale Mail Armor
19:55 Forging
22:25 Squires
23:11 Chain Mail Armor
23:31 Iron Casting
22:49 Horse Collar
30:38 Arson
32:57 Wheelbarrow
38:17 Imperial Age
37:38 Scale Barding Armor
38:37 Bloodlines
39:18 Husbandry
42:49 Conscription
Connection lost

Rejoining the realm…

Still unreachable

The connection could not be restored.

Session expired

The server has moved on; the page needs a fresh start.